PBL
SEATTLE MARINERS @ ST. LOUIS CARDINALS
09/17/2070
 
TOP OF THE 1ST
Seattle Mariners batting - Pitching for St. Louis Cardinals : RHP Kenny Jacobs
Pitching: RHP Kenny Jacobs
Batting: LHB Rob Altobelli 0-0: Ball
1-0: Ball
2-0: SINGLE (Groundball, 6MD, EV 93.8 MPH)
Batting: SHB Nick Manning 0-0: Bunted foul
0-1: Sac Bunt to 3S - play at first, batter safe!
Rob Altobelli to second
Batting: SHB Nathan Martin 0-0: Ball
1-0: Called Strike
1-1: Called Strike
1-2: Ball
2-2: Strikes out looking
Batting: RHB Jeffery Price 0-0: Ball
1-0: Foul Ball, location: 9LSF
1-1: Called Strike
1-2: Ball
2-2: Foul Ball, location: 23FF
2-2: Foul Ball, location: 23F
2-2: Foul Ball, location: 2RF
2-2: Fly out, F9 (Flyball, 9D, EV 101.3 MPH)
Runner from 2nd tags up, SAFE at 3rd, no throw by RF
Batting: SHB Pete Williams 0-0: Ball
1-0: Foul Ball, location: 2F
1-1: Ball
2-1: Ground out 4-3 (Groundball, 34, EV 86.9 MPH)
Top of the 1st over - 0 runs, 2 hits, 0 errors, 2 left on base; Seattle 0 - St. Louis 0
BOTTOM OF THE 1ST
St. Louis Cardinals batting - Pitching for Seattle Mariners : RHP Martin Davis
Pitching: RHP Martin Davis
Batting: RHB Zg Odhiambo 0-0: Fly out, F8 (Flyball, 89D, EV 90.6 MPH)
Batting: RHB Ric Hodges 0-0: Foul Ball, location: 9LSF
0-1: Swinging Strike
0-2: Ground out 6-3 (Groundball, 6, EV 101.3 MPH)
Batting: RHB Leland Vogler 0-0: Fly out, F4 (Popup, 3S, EV 82.5 MPH)
Bottom of the 1st over - 0 runs, 0 hits, 0 errors, 0 left on base; Seattle 0 - St. Louis 0
TOP OF THE 2ND
Seattle Mariners batting - Pitching for St. Louis Cardinals : RHP Kenny Jacobs
Batting: RHB Ronald McDonald 0-0: Ball
1-0: SINGLE (Line Drive, 8RS, EV 90.6 MPH)
Batting: LHB Grady Arredondo 0-0: Called Strike
0-1: Swinging Strike
0-2: Fly out, F7 (Line Drive, 7S, EV 90.0 MPH)
Batting: RHB Raúl Contreras 0-0: Called Strike
0-1: Called Strike
0-2: Ball
1-2: Foul Ball, location: 2F
1-2: Foul Ball, location: 2F
1-2: Ball
2-2: Foul Ball, location: 7LMF
2-2: Foul Ball, location: 2F
2-2: Fielders Choice at 2nd, 6-4 (Groundball, 6, EV 92.5 MPH)
Batting: LHB José Rivera 0-0: Ball
1-0: Ball
Wild Pitch!
Raúl Contreras to second
2-0: Ball
3-0: Called Strike
3-1: Foul Ball, location: 2F
3-2: Ground out U3 (Groundball, 34S, EV 93.8 MPH)
Top of the 2nd over - 0 runs, 1 hit, 0 errors, 1 left on base; Seattle 0 - St. Louis 0
BOTTOM OF THE 2ND
St. Louis Cardinals batting - Pitching for Seattle Mariners : RHP Martin Davis
Batting: SHB Emiliano Girometta 0-0: Called Strike
0-1: Fly out, F6 (Popup, 6MD, EV 46.9 MPH)
Batting: LHB Jeremy Dalton 0-0: Foul Ball, location: 2F
0-1: Foul Ball, location: 7LSF
0-2: Ball
1-2: Fly out, F7 (Flyball, 78M, EV 88.1 MPH)
Batting: RHB José Betancourt 0-0: Foul Ball, location: 2F
0-1: Ground out 5-3 (Groundball, 56, EV 110.6 MPH)
Bottom of the 2nd over - 0 runs, 0 hits, 0 errors, 0 left on base; Seattle 0 - St. Louis 0
TOP OF THE 3RD
Seattle Mariners batting - Pitching for St. Louis Cardinals : RHP Kenny Jacobs
Batting: LHB Rob Altobelli 0-0: Ball
1-0: Foul Ball, location: 2F
1-1: Foul Ball, location: 5F
1-2: Foul Ball, location: 3SF
1-2: Ground out U3 (Groundball, 3, EV 101.9 MPH)
Batting: SHB Nick Manning 0-0: Fly out, F8 (Flyball, 8RD, EV 103.1 MPH)
Batting: SHB Nathan Martin 0-0: Ball
1-0: Called Strike
1-1: Fly out, F8 (Flyball, 8LD, EV 94.4 MPH)
Top of the 3rd over - 0 runs, 0 hits, 0 errors, 0 left on base; Seattle 0 - St. Louis 0
BOTTOM OF THE 3RD
St. Louis Cardinals batting - Pitching for Seattle Mariners : RHP Martin Davis
Batting: LHB Steve Rivera 0-0: Ball
1-0: Foul Ball, location: 7LMF
1-1: Called Strike
1-2: Ball
2-2: Foul Ball, location: 3FF
2-2: Ball
3-2: Foul Ball, location: 7LSF
3-2: Strikes out swinging
Batting: RHB Hua Tu 0-0: Ball
1-0: Called Strike
1-1: Called Strike
1-2: Fly out, F7 (Line Drive, 7LS, EV 93.8 MPH)
Batting: LHB Armando Torres 0-0: Ball
1-0: Foul Ball, location: 25F
1-1: Called Strike
1-2: Ball
2-2: Fly out, F5 (Popup, 25F, EV 92.5 MPH)
Bottom of the 3rd over - 0 runs, 0 hits, 0 errors, 0 left on base; Seattle 0 - St. Louis 0
TOP OF THE 4TH
Seattle Mariners batting - Pitching for St. Louis Cardinals : RHP Kenny Jacobs
Batting: RHB Jeffery Price 0-0: Ball
1-0: SINGLE (Line Drive, 89S, EV 104.4 MPH)
Batting: SHB Pete Williams 0-0: SINGLE (Line Drive, 4D, EV 96.3 MPH)
Jeffery Price to second
Batting: RHB Ronald McDonald 0-0: Ball
1-0: Called Strike
1-1: Foul Ball, location: 2RF
1-2: Ball
2-2: Ball
3-2: Strikes out swinging
Batting: LHB Grady Arredondo 0-0: Ball
1-0: Called Strike
1-1: Ball
2-1: Called Strike
2-2: Ball
3-2: Foul Ball, location: 2F
3-2: Grounds into double play, 4-6-3 (Groundball, 4, EV 106.9 MPH)
Top of the 4th over - 0 runs, 2 hits, 0 errors, 1 left on base; Seattle 0 - St. Louis 0
BOTTOM OF THE 4TH
St. Louis Cardinals batting - Pitching for Seattle Mariners : RHP Martin Davis
Batting: RHB Zg Odhiambo 0-0: Called Strike
0-1: Ball
1-1: Ball
2-1: Ball
3-1: Foul Ball, location: 3SF
3-2: Reached on error, E5 (Groundball, 56, EV 91.3 MPH)
Batting: RHB Ric Hodges 0-0: Called Strike
0-1: Called Strike
Zg Odhiambo steals 2nd base
0-2: Foul Ball, location: 2F
0-2: Ball
1-2: Ball
2-2: Ball
3-2: Ground out 4-3 (Groundball, 4, EV 84.4 MPH)
Zg Odhiambo to third
Batting: RHB Leland Vogler 0-0: Foul Ball, location: 9LDF
0-1: Ball
1-1: Swinging Strike
1-2: SINGLE (Line Drive, 7S, EV 95.0 MPH)
Zg Odhiambo scores
Batting: SHB Emiliano Girometta 0-0: Ball
1-0: Foul Ball, location: 3SF
1-1: Foul Ball, location: 7LDF
1-2: Ball
2-2: SINGLE (Line Drive, 6D, EV 94.4 MPH)
Leland Vogler to second
Runner from 2nd tries for 3rd, SAFE, no throw by CF
Batting: LHB Jeremy Dalton 0-0: Ball
1-0: Ball
2-0: Ball
3-0: Called Strike
3-1: Base on Balls
Emiliano Girometta to second
Batting: RHB José Betancourt 0-0: SINGLE (Line Drive, 8LS, EV 88.8 MPH)
Leland Vogler scores
Emiliano Girometta to third
Jeremy Dalton to second
Batting: LHB Steve Rivera 0-0: Ball
1-0: GRAND SLAM HOME RUN (Flyball, 9D, EV 95.6 MPH), Distance : 360 ft
Pitching: RHP Phil McDonald
Batting: RHB Hua Tu 0-0: Ball
1-0: Ground out 5-3 (Groundball, 5S, EV 85.0 MPH)
Batting: LHB Armando Torres 0-0: Called Strike
0-1: Fly out, F8 (Flyball, 8LM, EV 81.3 MPH)
Bottom of the 4th over - 6 runs, 4 hits, 1 error, 0 left on base; Seattle 0 - St. Louis 6
TOP OF THE 5TH
Seattle Mariners batting - Pitching for St. Louis Cardinals : RHP Kenny Jacobs
Batting: RHB Raúl Contreras 0-0: Ball
1-0: Called Strike
1-1: Foul Ball, location: 2F
1-2: Strikes out swinging
Batting: LHB José Rivera 0-0: Called Strike
0-1: Ball
1-1: Swinging Strike
1-2: Ball
2-2: Ball
3-2: Base on Balls
Batting: LHB Rob Altobelli 0-0: Called Strike
0-1: Ball
1-1: Ball
2-1: Called Strike
2-2: Fly out, F9 (Flyball, 9S, EV 83.8 MPH)
Batting: SHB Nick Manning 0-0: Ball
1-0: Foul Ball, location: 7LSF
1-1: Ball
2-1: Foul Ball, location: 2F
2-2: Ball
3-2: Strikes out looking
Top of the 5th over - 0 runs, 0 hits, 0 errors, 1 left on base; Seattle 0 - St. Louis 6
BOTTOM OF THE 5TH
St. Louis Cardinals batting - Pitching for Seattle Mariners : RHP Phil McDonald
Batting: RHB Zg Odhiambo 0-0: Ball
1-0: Foul Ball, location: 2F
1-1: Ball
2-1: Ball
3-1: Base on Balls
Batting: RHB Ric Hodges 0-0: Swinging Strike
0-1: Foul Ball, location: 3F
0-2: Ground out 5-3 (Groundball, 56S, EV 63.8 MPH)
Zg Odhiambo to second
Batting: RHB Leland Vogler 0-0: Called Strike
0-1: Ball
1-1: Ball
2-1: Swinging Strike
2-2: Foul Ball, location: 3SF
2-2: Strikes out swinging
Batting: SHB Emiliano Girometta 0-0: DOUBLE (Flyball, 8RXD, EV 105.0 MPH)
Zg Odhiambo scores
Batting: LHB Jeremy Dalton 0-0: Called Strike
0-1: SINGLE (Line Drive, 4D, EV 105.6 MPH)
Emiliano Girometta to third
Batting: RHB José Betancourt 0-0: Fielders Choice at 2nd, 6-4 (Groundball, 6, EV 99.4 MPH)
Bottom of the 5th over - 1 run, 2 hits, 0 errors, 2 left on base; Seattle 0 - St. Louis 7
TOP OF THE 6TH
Seattle Mariners batting - Pitching for St. Louis Cardinals : RHP Kenny Jacobs
Pitching: RHP Bob De La Rosa
Batting: SHB Nathan Martin 0-0: Ball
1-0: DOUBLE (Line Drive, 78M, EV 109.4 MPH)
Batting: RHB Jeffery Price 0-0: Ground out 6-3 (Groundball, P, EV 86.9 MPH)
Nathan Martin to third
Batting: SHB Pete Williams 0-0: Foul Ball, location: 2F
0-1: Called Strike
0-2: Strikes out swinging
Batting: RHB Ronald McDonald 0-0: Ball
1-0: Called Strike
1-1: Ball
2-1: Ball
3-1: Base on Balls
Batting: LHB Grady Arredondo 0-0: Called Strike
0-1: Ball
1-1: SINGLE (Groundball, 6MD, EV 105.6 MPH)
Nathan Martin scores
Ronald McDonald to second
Batting: RHB Raúl Contreras 0-0: Ball
1-0: Called Strike
1-1: Ball
2-1: Fly out, F7 (Flyball, 78M, EV 90.6 MPH)
Top of the 6th over - 1 run, 2 hits, 0 errors, 2 left on base; Seattle 1 - St. Louis 7
BOTTOM OF THE 6TH
St. Louis Cardinals batting - Pitching for Seattle Mariners : RHP Phil McDonald
Batting: LHB Steve Rivera 0-0: Ball
1-0: Foul Ball, location: 9LMFF
1-1: Foul Ball, location: 7LDF
1-2: Ball
2-2: SOLO HOME RUN (Flyball, 9D, EV 100.0 MPH), Distance : 384 ft
Batting: RHB Hua Tu 0-0: Called Strike
0-1: Swinging Strike
0-2: Ball
1-2: SINGLE (Groundball, 6MD, EV 100.0 MPH)
Pitching: RHP Eitoku Kishita
Batting: LHB Armando Torres 0-0: Swinging Strike
0-1: Ball
1-1: Called Strike
1-2: Strikes out swinging
Batting: RHB Zg Odhiambo 0-0: Called Strike
0-1: Swinging Strike
0-2: Foul Ball, location: 2F
0-2: Ball
1-2: Strikes out swinging
Batting: RHB Ric Hodges 0-0: Ground out 5-3 (Groundball, 56S, EV 87.5 MPH)
Bottom of the 6th over - 1 run, 2 hits, 0 errors, 1 left on base; Seattle 1 - St. Louis 8
TOP OF THE 7TH
Seattle Mariners batting - Pitching for St. Louis Cardinals : RHP Bob De La Rosa
Batting: LHB José Rivera 0-0: Ball
1-0: Foul Ball, location: 2F
1-1: Ground out 6-3 (Groundball, 6, EV 80.6 MPH)
Batting: LHB Rob Altobelli 0-0: Ball
1-0: Called Strike
1-1: Ball
2-1: Fly out, F7 (Flyball, 7, EV 91.3 MPH)
Batting: SHB Nick Manning 0-0: Ball
1-0: Ground out 5-3 (Groundball, 56, EV 79.4 MPH)
Top of the 7th over - 0 runs, 0 hits, 0 errors, 0 left on base; Seattle 1 - St. Louis 8
BOTTOM OF THE 7TH
St. Louis Cardinals batting - Pitching for Seattle Mariners : RHP Eitoku Kishita
Batting: RHB Leland Vogler 0-0: Swinging Strike
0-1: Ball
1-1: Foul Ball, location: 9LMF
1-2: Strikes out swinging
Batting: SHB Emiliano Girometta 0-0: Called Strike
0-1: Ball
1-1: Called Strike
1-2: Strikes out swinging
Batting: LHB Jeremy Dalton 0-0: Called Strike
0-1: SOLO HOME RUN (Flyball, 89XD, EV 105.0 MPH), Distance : 390 ft
Batting: RHB José Betancourt 0-0: Ball
1-0: Ground out 5-3 (Groundball, 5, EV 77.5 MPH)
Bottom of the 7th over - 1 run, 1 hit, 0 errors, 0 left on base; Seattle 1 - St. Louis 9
TOP OF THE 8TH
Seattle Mariners batting - Pitching for St. Louis Cardinals : RHP Bob De La Rosa
Batting: SHB Nathan Martin 0-0: Ball
1-0: Ball
2-0: Called Strike
2-1: Swinging Strike
2-2: Strikes out looking
Batting: RHB Jeffery Price 0-0: Ball
1-0: Foul Ball, location: 7LMF
1-1: Called Strike
1-2: Ball
2-2: Ground out 6-3 (Groundball, 56, EV 81.9 MPH)
Batting: SHB Pete Williams 0-0: Ball
1-0: Foul Ball, location: 3DF
1-1: Ball
2-1: Ball
3-1: Fly out, F6 (Popup, 6MS, EV 73.1 MPH)
Top of the 8th over - 0 runs, 0 hits, 0 errors, 0 left on base; Seattle 1 - St. Louis 9
BOTTOM OF THE 8TH
St. Louis Cardinals batting - Pitching for Seattle Mariners : RHP Eitoku Kishita
Batting: LHB Steve Rivera 0-0: Ball
1-0: Fly out, F4 (Line Drive, 4M, EV 97.5 MPH)
Batting: RHB Hua Tu 0-0: Foul Ball, location: 7LDF
0-1: Called Strike
0-2: Fly out, F5 (Popup, 5S, EV 82.5 MPH)
Batting: LHB Armando Torres 0-0: Ball
1-0: Ball
2-0: Swinging Strike
2-1: Ball
3-1: Foul Ball, location: 25F
3-2: Fly out, F8 (Flyball, 8RXD, EV 110.6 MPH)
Bottom of the 8th over - 0 runs, 0 hits, 0 errors, 0 left on base; Seattle 1 - St. Louis 9
TOP OF THE 9TH
Seattle Mariners batting - Pitching for St. Louis Cardinals : RHP Bob De La Rosa
Batting: RHB Ronald McDonald 0-0: Ground out 3-1 (Groundball, 34S, EV 91.3 MPH)
Batting: LHB Grady Arredondo 0-0: Called Strike
0-1: Swinging Strike
0-2: Foul Ball, location: 2F
0-2: Strikes out swinging
Batting: RHB Raúl Contreras 0-0: Ball
1-0: Foul Ball, location: 2F
1-1: Ball
2-1: Ball
3-1: Foul Ball, location: 3F
3-2: TRIPLE (Flyball, 8LXD, EV 90.6 MPH)
Batting: LHB José Rivera 0-0: Called Strike
0-1: Ball
1-1: Fly out, F6 (Line Drive, 6, EV 68.1 MPH)
Top of the 9th over - 0 runs, 1 hit, 0 errors, 1 left on base; Seattle 1 - St. Louis 9
Saturday, February 17th , 2024 - OOTP Baseball 24.10 Build 82